Map: Terraform LE (Void)

Players

Monty

  • Race: Protoss Protoss
  • League: Master

fOtroS (SortOf) - Winner!

  • Race: Zerg Zerg
  • League: Master

Event: Lycan League Weekly August #2

VOD

Have the link to the VOD?

Description

Time

  • Played on: Aug. 10, 2015, 12:18 p.m.
  • Length: 5:40

All games in this series

Show
View Real Time Build Order
Export as new Build Order

Monty Protoss 

Build Orders: Nexus First 

Get SALT Encoding   

  12  0:02  Probe  
  13  0:15  Pylon  
  13  0:18  Probe  
  14  0:33  Probe (Chrono Boost)  
  16  0:44  Probe (Chrono Boost)  
  16  0:50  Probe  
  17  1:03  Probe  
  18  1:05  Nexus  
  18  1:13  Gateway  
  19  1:18  Probe (Chrono Boost)  
  19  1:25  Pylon  
  19  1:29  Probe (Chrono Boost)  
  20  1:35  Probe (Chrono Boost)  
  20  1:36  Assimilator  
  20  1:39  Assimilator  
  22  1:47  Probe (Chrono Boost)  
  22  1:55  Probe (Chrono Boost)  
  23  2:02  Cybernetics Core  
  23  2:04  Probe (Chrono Boost)  
  24  2:10  Zealot  
  26  2:17  Probe (Chrono Boost)  
  28  2:23  Probe (Chrono Boost)  
  28  2:25  Probe (Chrono Boost)  
  28  2:29  Probe  
  30  2:37  Probe  
  30  2:39  Warp Gate (Chrono Boost)  
  30  2:40  Stalker  
  30  2:42  Mothership Core  
  35  2:49  Probe  
  36  2:52  Pylon  
  36  3:01  Probe  
  36  3:05  Probe  
  36  3:13  Probe  
  37  3:25  Probe  
  38  3:32  Gateway  
  38  3:33  Gateway  
  38  3:36  Gateway  
  38  3:37  Sentry  
  40  3:41  Gateway  
  40  3:42  Gateway  
  40  3:44  Gateway  
  40  3:47  Probe (Chrono Boost)  
  42  3:50  Probe (Chrono Boost)  
  42  3:58  Probe (Chrono Boost)  
  42  3:59  Probe (Chrono Boost)  
  42  4:02  Pylon  
  44  4:05  Assimilator  
  44  4:07  Probe  
  44  4:09  Probe  
  45  4:25  Adept  
  45  4:27  Probe  
  45  4:28  Zealot  
  45  4:29  Adept  
  52  4:34  Pylon  
  52  4:35  Pylon  
  52  4:36  Zealot  
  52  4:37  Adept  
  56  4:41  Adept x2  
  60  4:51  Adept  
  60  4:53  Pylon  
  60  4:55  Pylon  
  52  5:13  Stalker x5  
  61  5:14  Stalker  
  61  5:16  Sentry  
  61  5:21  Probe  
Show
View Real Time Build Order
Export as new Build Order

fOtroS Zerg - Winner!

Build Orders: Hatch First 

Get SALT Encoding   

  12  0:01  Drone  
  13  0:12  Overlord  
  13  0:18  Drone  
  14  0:30  Drone x2  
  16  0:35  Drone  
  17  0:45  Drone  
  18  0:56  Hatchery  
  17  0:59  Drone  
  18  1:13  Spawning Pool  
  18  1:15  Drone  
  18  1:18  Drone  
  19  1:29  Drone  
  20  1:44  Extractor  
  20  1:46  Hatchery  
  18  1:50  Drone  
  18  1:52  Drone  
  20  2:03  Queen  
  22  2:09  Zergling x4  
  22  2:13  Drone  
  25  2:18  Queen  
  27  2:25  Overlord  
  27  2:27  Drone  
  28  2:44  Queen  
  28  2:47  Metabolic Boost  
  28  2:48  Drone  
  28  2:49  Drone  
  32  2:58  Drone  
  32  2:59  Drone  
  32  3:00  Drone  
  32  3:03  Drone x2  
  37  3:06  Drone  
  38  3:13  Overlord  
  38  3:14  Drone x2  
  38  3:16  Drone  
  40  3:23  Roach Warren  
  39  3:28  Drone x2  
  39  3:29  Drone  
  39  3:33  Drone x3  
  45  3:40  Overlord  
  45  3:42  Zergling x2, Extractor  
  45  3:43  Zergling x4  
  45  3:46  Zergling x2  
  45  3:47  Zergling x2  
  49  3:51  Drone  
  49  3:54  Overlord  
  50  4:11  Roach x3  
  50  4:12  Roach  
  50  4:13  Roach x2  
  50  4:14  Overlord, Roach  
  63  4:20  Roach, Zergling x4  
  66  4:27  Overlord  
  66  4:32  Overlord  
  66  4:37  Roach x4  
  73  4:40  Overlord  
  73  4:48  Roach x2, Zergling x6  
  73  4:51  Zergling x4  
  80  4:53  Zergling x2  
  80  4:56  Zergling x2  
  80  5:01  Roach, Zergling x4  
  80  5:06  Roach  
  82  5:08  Roach, Zergling x4  
  82  5:12  Overlord  
  82  5:14  Roach  
  88  5:17  Overlord  
  88  5:20  Roach  
  91  5:21  Ravager  

Tags
 
Add a new tag
Caveats
  • Supply blocks, unpowered buildings, or Contaminate may cause inaccurate times.
  • Supply counts are checked every 10 seconds.